 Dungeon Crawl Stone Soup version 0.28.0-1-gb440e238dd (webtiles) character file.

Game seed: 14969933527812324578

35 bande the Covered (level 3, -9/24 HPs)
             Began as a Gargoyle Fighter on Feb 22, 2022.
             Mangled by Sigmund (10 damage)
             ... on level 2 of the Dungeon.
             The game lasted 00:01:58 (1541 turns).

bande the Covered (Gargoyle Fighter)                Turns: 1541, Time: 00:01:59

Health: -9/24      AC: 11    Str: 19    XL:     3   Next: 33%
Magic:  3/3        EV:  9    Int: 14    God:
Gold:   55         SH:  4    Dex: 11    Spells: 2/2 levels left

rFire   . . .      SeeInvis .   a - +0 war axe
rCold   . . .      Faith    .   c - +0 buckler
rNeg    + . .      Spirit   .   b - +0 scale mail
rPois   ∞          Reflect  .   (no helmet)
rElec   +          Harm     .   (no cloak)
rCorr   .          Rampage  .   h - +0 pair of gloves
Will    .....                   (no boots)
Stlth   ..........              (no amulet)
HPRegen 0.08/turn               i - +6 ring of intelligence
MPRegen 0.08/turn               (no ring)

@: mighty, studying Staves
A: sickness immunity, AC +3, negative energy resistance 1, electricity
resistance, torment resistance 1, petrification resistance
a: no special abilities


You were on level 2 of the Dungeon.
You visited 1 branch of the dungeon, and saw 2 of its levels.

You collected 55 gold pieces.

Inventory:

Hand Weapons
 a - a +0 war axe (weapon)
Armour
 b - a +0 scale mail (worn)
 c - a +0 buckler (worn)
 h - a +0 pair of gloves (worn)
Jewellery
 i - a +6 ring of intelligence (left hand)
 k - a ring of willpower
Potions
 e - a potion of heal wounds
 f - 2 potions of flight {unknown}
 g - a potion of curing {unknown}
 j - a potion of ambrosia {unknown}


   Skills:
 + Level 3.7 Fighting
 + Level 2.3 Axes
 + Level 3.7 Armour
 + Level 3.5 Shields


You had 2 spell levels left.
You didn't know any spells.
Your spell library contained the following spells:

 Spells                   Type           Power      Damage    Failure   Level
 Iskenderun's Battlesphe  Conj           0%         2d6       100%        5
 Iron Shot                Conj/Erth      0%         9d1       100%        6
 Spellforged Servitor     Conj/Summ      0%         N/A       100%        7


Dungeon Overview and Level Annotations

Branches:
Dungeon (2/15)

Altars:
Kikubaaqudgha

Annotations:
D:2 Sigmund


Innate Abilities, Weirdness & Mutations

You are immune to sickness and miasma.
Your stone body is resilient. (AC +3)
You are immune to poison.
You resist negative energy. (rN+)
You are resistant to electric shocks. (rElec)
You are resistant to unholy torment.
You are immune to petrification.


Message History

You feel very mighty all of a sudden.
Sigmund breathes a few words.
Sigmund's hands start flickering wildly.
Sigmund barely misses you. The rat bites you but does no damage.
You slice Sigmund!!
Sigmund is severely wounded.
You hit the rat.
You kill the rat!
Sigmund casts a spell at you.
You are confused.
Unknown command.
You barely miss Sigmund.
Sigmund is severely wounded.
Sigmund barely misses you.
Unknown command.
Sigmund mumbles some strange words.
Sigmund flickers and vanishes!
Deactivating autopickup; reactivate with Ctrl-A.
Something hits you!
Unknown command.
You closely miss something.
You hear some strange, mumbled words.
A magic dart appears from out of thin air!
The magic dart hits you.
You feel less confused. Something hits you!
* * * LOW HITPOINT WARNING * * *
Unknown command.
Unknown command.
You barely miss something. Something hits you but does no damage.
You closely miss something.
You hear some strange, mumbled words.
A magic dart appears from out of thin air!
The magic dart hits you.
* * * LOW HITPOINT WARNING * * *
You closely miss something. Something hits you.
* * * LOW HITPOINT WARNING * * *
Unknown command.
You miss something. Something hits you!
You die...

### #.# #.# #..#
# #.# #..# .# #.#
#..# ).# #.#
#..##.##. #.#
#....#...
#.#######.#.....#
#..†....#{†..#..#
##...#.#@......##
#.....###........
##...#.#......###
#.......##...##
#.#.##### #.##
#.#.# .# #.#.# ..
#.#.# ##. #.#.#
..


There were no monsters in sight!

Vanquished Creatures
  An adder (D:2)
  A dart slug (D:1)
  3 endoplasms (D:2)
  3 goblins
  2 hobgoblins (D:1)
  3 ball pythons
  3 bats
  5 kobolds
  4 rats
25 creatures vanquished.

Notes
Turn   | Place    | Note
-------+----------+-------------------------------------------
     0 | D:1      | bande the Gargoyle Fighter began the quest for the Orb.
     0 | D:1      | Reached XP level 1. HP: 14/14 MP: 1/1
   307 | D:1      | Reached XP level 2. HP: 18/19 MP: 2/2
  1195 | D:2      | Found an ancient bone altar of Kikubaaqudgha.
  1284 | D:2      | Reached XP level 3. HP: 23/23 MP: 3/3
  1527 | D:2      | Noticed Sigmund
  1540 | D:2      | HP: 1/24 [something (1)]
  1541 | D:2      | Mangled by Sigmund

Illustrated notes

Levels and vault maps discovered:
D:1:      dpeg_arrival_shrine, layout_basic
D:2:      layout_loops_ring, nicolae_concentric_dashed_squares_mild,
          kennysheep_flooded_box, minmay_distorted, uniq_sigmund

Skill      XL: |  1 |
---------------+----+-----
Axes           | 2 |  2.3
Fighting       | |  3.7
Armour         | |  3.7
Shields        | |  3.5

Action                   || total
-------------------------++-------
Melee: War axe           ||    88
  Use: Scroll            ||     3
       Potion            ||     1
Armor: Scale mail        ||    53
Dodge: Dodged            ||    50
Block: Buckler           ||    15
